 Dungeon Crawl Stone Soup version 0.31-a0-472-g43a2ca8e1b (webtiles) character file.

Game seed: 9332714662078248483

275 Ethylacetat the Changeling (level 6, 0/69 HPs)
             Began as an Octopode Shapeshifter on Aug 6, 2023.
             Succumbed to a gnoll's poison
             ... on level 3 of the Dungeon.
             The game lasted 00:03:37 (2104 turns).

Ethylacetat the Changeling (Octopode Shapeshifter)  Turns: 2104, Time: 00:03:38

Health: 0/69       AC: 23    Str: 14    XL:     6   Next: 25%
Magic:  5/5        EV:  2    Int: 11    God:
Gold:   122        SH:  0    Dex: 14    Spells: 5/5 levels left

rFire   . .          .
                       - Unarmed
rCold   . . .        (no shield)
rNeg    . . .        (helmet currently unavailable)
rPois   +            (no amulet)
rElec   .            (no ring)
rCorr   .            (no ring)
SInv    .            (no ring)
Will    .....        (no ring)
Stlth   +            (no ring)
HPRegen 0.31/turn    (no ring)
MPRegen 0.09/turn    (no ring)
                     (no ring)

%: no passive effects
@: lethally poisoned (0 -> -8), tree-form
A: stationary, stasis, torment immunity, boosted hp, almost no armour,
(amphibious), 8 rings, (camouflage 1), (gelatinous body 1), (nimble swimmer 1),
(tentacles), low MP 1, robust 1
a: no special abilities


You were on level 3 of the Dungeon.
You were a tree.
You visited 1 branch of the dungeon, and saw 3 of its levels.

You collected 122 gold pieces.

Inventory:

Talismans
 b - a beast talisman
Scrolls
 e - a scroll of immolation {unknown}
 f - 2 scrolls of teleportation {unknown}
 g - a scroll of revelation {unknown}
 j - 3 scrolls of fear {unknown}
 l - a scroll of identify {unknown}
 m - 2 scrolls of fog {unknown}
 n - a scroll of torment {unknown}
Potions
 i - 2 potions of attraction
 o - a potion of brilliance {unknown}
 p - a potion of enlightenment {unknown}


   Skills:
 + Level 3.0 Fighting
 - Level 2.0 Dodging
 + Level 4.2 Unarmed Combat
 * Level 4.7 Shapeshifting


You had 5 spell levels left.
You didn't know any spells.
Your spell library contained the following spells:

 Spells                   Type           Power      Damage    Failure   Level
 Sublimation of Blood     Necr           0%         N/A       47%         2
 Wereblood                Tmut           0%         N/A       47%         2
 Summon Hydra             Summ           0%         N/A       100%        7


Dungeon Overview and Level Annotations

Branches:
Dungeon (3/15)

Altars:
Xom

Annotations:
D:3 1 transporter, Ethylacetat's ghost, amateur OpSh


Innate Abilities, Weirdness & Mutations

You are a tree.
Your roots penetrate the ground, keeping you stationary.
You cannot be teleported.
You are immune to unholy pain and torment.
Your maximum health is greatly increased.
You cannot wear most types of armour.
((You are amphibious.))
You can wear up to eight rings at the same time.
((Your skin changes colour to match your surroundings (Stealth+).))
((Your rubbery body absorbs attacks. (AC +1, EV +1)))
((You are camouflaged when in or above water. (Stealth+)))
((You have tentacles for arms and can constrict up to eight enemies at once.))
Your magical capacity is low. (-10% MP)
You are robust. (+10% HP)


Message History

You feel magically purged.
You feel less batty.
You turn into a hulking beast.
You feel yourself slow down.
You feel less attractive to monsters.
Really quaff the potion of lignification?
Your transformation has ended.
You turn into a tree.
Your roots penetrate the ground.
The gnoll hits you from afar with a +0 halberd of venom!
* * * LOW HITPOINT WARNING * * *
The gnoll hits you but does no damage. x3
Okay, then.
You hit the gnoll.
The gnoll is moderately wounded.
The gnoll hits you but does no damage.
You are poisoned.
The gnoll completely misses you.
The gnoll hits you but does no damage. x2
You hit the gnoll but do no damage.
The gnoll is moderately wounded.
* * * LOW HITPOINT WARNING * * *
You feel very sick. The gnoll hits you but does no damage.
You are lethally poisoned!
The gnoll hits you from afar with the +0 spear of Wyrd {pain, rPois}.
* * * LOW HITPOINT WARNING * * *
The gnoll hits you but does no damage. x2
You feel better.
The gnoll hits you but does no damage. x2
You writhe in agony.
* * * LOW HITPOINT WARNING * * *
The gnoll hits you but does no damage. x2
You barely miss the gnoll.
The gnoll is lightly wounded.
The gnoll hits you from afar with a +0 halberd of venom!
* * * LOW HITPOINT WARNING * * *
You are lethally poisoned!
The gnoll hits you but does no damage. x2; The gnoll hits you with a +0 flail.
* * * LOW HITPOINT WARNING * * *
You smack the gnoll!
The gnoll is almost dead.
You die...

#..≈≈..#$#...#.#.....#
#..≈≈.##.##.##.##.≈≈.#
#..≈≈.#..#...#..#.≈≈.#
#(.≈≈.##.'...'.##.≈≈.#
#..≈≈..#.#g..#.#..≈≈.#
#..≈≈###.##'##.###≈≈.#
#..≈≈#.gg..g.....#≈≈.#
##.≈≈#.g###.###..#≈≈.#
#.≈≈#g♣#8###8#..#≈≈[#
#.≈≈####.....####≈≈.#
#.≈≈≈≈≈≈≈≈~≈≈≈≈≈≈≈≈[# #
#.≈≈≈≈≈≈≈≈~≈≈≈≈≈≈≈≈.# #
#...................###
##########.............
##############


You could see 4 gnolls.

Vanquished Creatures
  Sigmund (D:2)
  Terence (D:2)
  3 adders
  A gnoll (D:3)
  A worm (D:2)
  4 orcs (D:3)
  4 endoplasms
  A giant cockroach (D:1)
  6 hobgoblins
  3 jackals (D:3)
  A quokka (D:3)
  7 ball pythons
  7 bats
  A frilled lizard (D:2)
  5 goblins
  2 kobolds
  10 rats
  A butterfly (D:3)
59 creatures vanquished.

Notes
Turn   | Place    | Note
-------+----------+-------------------------------------------
     0 | D:1      | Ethylacetat the Octopode Shapeshifter began the quest for
                  | the Orb.
     0 | D:1      | Reached XP level 1. HP: 13/13 MP: 1/1
   264 | D:1      | Reached XP level 2. HP: 12/18 MP: 2/2
   721 | D:1      | Found a faded altar of an unknown god.
   890 | D:2      | Noticed Terence
   905 | D:2      | Killed Terence
   906 | D:2      | Reached XP level 3. HP: 11/24 MP: 3/3
   916 | D:2      | Noticed Sigmund
   931 | D:2      | Killed Sigmund
   932 | D:2      | Reached XP level 4. HP: 10/30 MP: 4/4
   932 | D:2      | Reached XP level 5. HP: 12/35 MP: 5/5
  1293 | D:2      | Reached XP level 6. HP: 38/41 MP: 6/6
  1647 | D:3      | Found a shimmering altar of Xom.
  1771 | D:3      | Found a transporter.
  1781 | D:3      | Identified the +0 spear of Wyrd {pain, rPois}
  1837 | D:3      | Found a transporter.
  1837 | D:3      | Noticed Ethylacetat's ghost (amateur OpSh)
  2093 | D:3      | Gained mutation: Your magical capacity is low. (-10% MP)
                  | [potion of mutation]
  2093 | D:3      | Gained mutation: You are robust. (+10% HP) [potion of
                  | mutation]
  2093 | D:3      | HP: 1/46 [gnoll/the +0 spear of Wyrd {pain, rPois} (9)]
  2103 | D:3      | HP: 3/69 [gnoll/+0 flail (3)]
  2104 | D:3      | Succumbed to a gnoll's poison

Illustrated notes

Levels and vault maps discovered:
D:1:      dpeg_arrival_three_same_balls, layout_loops_ring,
          shapermc_ecumenical_altar_mp_highgroup, dreamdust_princess_corridor,
          hex_tiny, grunt_decor_one_mirror
D:2:      layout_rooms, uniq_sigmund, uniq_terence
D:3:      layout_basic, xom_butterflies, gammafunk_ghost_gnarly_gnolls,
          kennysheep_nub

Skill      XL: |  1  2  3  4  5  6 |
---------------+-------------------+-----
Fighting       | 2 3 |  3.0
Unarmed Combat | 4 |  4.2
Shapeshifting  | 4 |  4.7
Dodging        | |  2.0

Action                     |  1- 3 |  4- 6 || total
---------------------------+-------+-------++-------
  Melee: Unarmed           |    50 |    74 ||   124
         Constrict         |     8 |    19 ||    27
         Punch             |     4 |     2 ||     6
         Tentacles         |     8 |    10 ||    18
    Use: Potion            |       |     8 ||     8
   Stab: Sleeping          |     5 |     4 ||     9
 Armour: Skin              |     3 |    18 ||    21
  Dodge: Dodged            |    28 |    57 ||    85

Table legend: (Time is in decaauts)
 A = Elapsed time spent in this place.
 B = Non-inter-level travel time spent in this place.
 C = Inter-level travel time spent in this place.
 D = Time resting spent in this place.
 E = Time spent auto-exploring this place.
 F = Levels seen in this place.
 G = Mean time per level.
                   A        B        C        D        E       F      G
               +--------+--------+--------+--------+--------+-----+--------+
         Total |   2087 |   2008 |     79 |      3 |   1648 |   3 |  695.7 |
       Dungeon |   2087 |   2008 |     79 |      3 |   1648 |   3 |  695.7 |
               +--------+--------+--------+--------+--------+-----+--------+

Top non-repeatable levels by time:
     D:1: 887 daAuts
     D:2: 707 daAuts
     D:3: 493 daAuts
